Match 42747662
Unlisted

Match 42747662
End
Kettenkrad Recon Vehicle
Construct Infanterie Kompanie
MG 42 Machine Gun Team
Selects Terror Battlegroup
Selects Machine Gun Camouflage
Grenadier Squad
Construct Panzergrenadier Kompanie
Selects Contempt for the Weak
Panzergrenadier Squad
Panzergrenadier Officer Quarters
Medical Station
Panzergrenadier Squad
Selects Jericho Trumpet
Support Elements
Nebelwerfer 42 Rocket Launcher Team
Jericho Trumpet
Nebelwerfer 42 Rocket Launcher Team
StuG III G Assault Gun
Nebelwerfer 42 Rocket Launcher Team
Pioneer Squad
Side Skirts
Pak 40 Anti-tank Gun Team
Jericho Trumpet
Pioneer Squad
StuG III G Assault Gun
Selects V1 Rocket Strike
V1 Rocket Strike
Jericho Trumpet
Pak 40 Anti-tank Gun Team
Pak 40 Anti-tank Gun Team
Selects No Quarter
V1 Rocket Strike
AI Takeover
Master_Baiter
哎呀妈呀
Safety First
Hanzawilhelm Longbowman of Crécy
0
0

Comments sign in to comment!

No comments posted yet!